 Dungeon Crawl Stone Soup version 0.29.0-4-gdea44cf6ec (webtiles) character file.

Game seed: 17189859010931631153

65 qw the Caller (level 4, 0/37 HPs)
             Began as a Ghoul Summoner on Sept 9, 2022.
             Killed from afar by an orc wizard (7 damage)
             ... with a puff of flame
             ... on level 3 of the Dungeon.
             The game lasted 00:00:50 (2466 turns).

qw the Caller (Ghoul Summoner)                      Turns: 2466, Time: 00:00:51

Health: 0/37       AC:  7    Str: 13    XL:     4   Next: 13%
Magic:  5/5        EV:  9    Int: 10    God:
Gold:   38         SH:  0    Dex:  9    Spells: 5/6 levels left

rFire   . . .      SeeInvis .   Y - +0 hand axe
rCold   + . .      Faith    .   (no shield)
rNeg    + + +      Spirit   .   j - +0 scale mail
rPois   inf        Reflect  .   (no helmet)
rElec   .          Harm     .   n - +0 cloak
rCorr   .          Rampage  .   (no gloves)
Will    .....                   (no boots)
Stlth   ..........              (no amulet)
HPRegen 0.00/turn               (no ring)
MPRegen 0.09/turn               (no ring)

@: confused, inhibited regen
A: claws 1, cold resistance 1, negative energy resistance 3, inhibited
regeneration, torment resistance 2, devour on kill
a: no special abilities


You were on level 3 of the Dungeon.
You visited 1 branch of the dungeon, and saw 3 of its levels.

You collected 128 gold pieces.
You spent 90 gold pieces at shops.


Innate Abilities, Weirdness & Mutations

You are immune to poison.
You have sharp fingernails.
Your flesh is cold resistant. (rC+)
You are immune to negative energy. (rN+++)
You do not regenerate when monsters are visible.
You are immune to unholy pain and torment.
You thrive by killing the living.


   Skills:
 - Level 2.7 Fighting
 + Level 2.1 Axes
 - Level 1.7 Dodging
 - Level 2.1 Stealth
 - Level 1.7 Spellcasting
 - Level 3.6 Summonings


You had 5 spell levels left.
You knew the following spells:

 Your Spells              Type           Power      Damage    Failure   Level
a - Summon Small Mammal   Summ           32%        N/A       36%         1

Your spell library contained the following spells:

 Spells                   Type           Power      Damage    Failure   Level
 Call Imp                 Summ           8%         N/A       50%         2
 Call Canine Familiar     Summ           8%         N/A       73%         3
 Summon Guardian Golem    Hex/Summ       4%         N/A       93%         3
 Summon Lightning Spire   Summ/Air       4%         N/A       100%        4

Inventory:

Hand Weapons
 p - a +0 morningstar
 Y - a +0 hand axe (weapon)
Armour
 i - a +0 buckler
 j - a +0 scale mail (worn)
 l - a +0 chain mail
 n - a +0 cloak (worn)
Jewellery
 e - a ring of protection from fire
 h - a ring of protection from cold
Scrolls
 a - a scroll of identify
 d - a scroll of blinking {unknown}
 f - 3 scrolls of teleportation {unknown}
Potions
 b - a potion of mutation
 c - a potion of cancellation {unknown}
 g - a potion of curing {unknown}
 k - a potion of might {unknown}
 o - 2 potions of heal wounds {unknown}

Dungeon Overview and Level Annotations

Branches:
Dungeon (3/15)

Altars:
Cheibriados
Dithmenos
Fedhas
Kikubaaqudgha
Qazlal
Uskayaw

Shops:
D:3 [[((


Message History

Something hits you but does no damage. The orc hits you but does no damage.
You closely miss the orc.
The orc is severely wounded.
You closely miss something. Something hits you but does no damage.
The orc hits you but does no damage.
You hit the orc.
You kill the orc!
You closely miss something. Something hits you.
Something hits you but does no damage. The orc barely misses you.
You hit the orc.
The orc is almost dead.
You miss something. Something hits you but does no damage.
The orc hits you but does no damage.
You hit the orc.
You kill the orc!
You closely miss something. Something hits you.
You miss something. Something hits you but does no damage.
You miss something.
You hear some strange, mumbled words.
A magic dart appears from out of thin air!
The magic dart hits you.
You hit something. Something hits you. Something hits you but does no damage.
You hit something but do no damage. Something hits you but does no damage.
You hit something.
You hear some strange, mumbled words.
You are confused.
You're too confused to attack without stumbling around!
There is a strange disturbance nearby!
Something hits you but does no damage.
You're too confused to attack without stumbling around!
There is a strange disturbance nearby!
You hear some strange, mumbled words.
A puff of flame appears from out of thin air!
The puff of flame hits you!
You die...

#..PPPPPPP..##...
#...........##...
#...........# ###
##....##..
##....# . #.....+
##.....# #...#+##
#@)## #{)......
#.##...## #..
...# #.. ....
#... .### . #.##
# ....## #.#
...... ######


There were no monsters in sight!

Vanquished Creatures
  An orc wizard (D:3)
  4 dart slugs (D:3)
  3 orcs (D:3)
  4 endoplasms
  A giant cockroach (D:2)
  2 goblins (D:2)
  2 hobgoblins
  A quokka (D:1)
  2 ball pythons (D:2)
  A kobold (D:3)
  A rat (D:3)
22 creatures vanquished.

Vanquished Creatures (collateral kills)
  An endoplasm (D:1)
  2 ball pythons (D:1)
  A bat (D:1)
  A kobold (D:1)
  2 rats (D:1)
7 creatures vanquished.

Grand Total: 29 creatures vanquished

Notes
Turn   | Place    | Note
-------+----------+-------------------------------------------
     0 | D:1      | qw the Ghoul Summoner began the quest for the Orb.
     0 | D:1      | Reached XP level 1. HP: 14/14 MP: 2/2
     0 | D:1      | 0 ||| qw: Version: 0.1-a-113-g051387a
     0 | D:1      | 0 ||| qw: Game counter: 7099
     0 | D:1      | 0 ||| qw: Always use a shield: true
     0 | D:1      | 0 ||| qw: God list: Okawaru
     0 | D:1      | 0 ||| qw: Allow faded altars: false
     0 | D:1      | 0 ||| qw: Do Orc after D:15 true
     0 | D:1      | 0 ||| qw: Do second Lair branch before Depths: true
     0 | D:1      | 0 ||| qw: Lair rune preference: random
     0 | D:1      | 0 ||| qw: Plans: Normal
     0 | D:1      | 0 ||| PLANNING D:1-11
     5 | D:1      | 5 ||| Wielding weapon +0 hand axe.
    47 | D:1      | Found a faded altar of an unknown god.
   130 | D:1      | 130 ||| CASTING Summon Small Mammal
   131 | D:1      | 131 ||| CASTING Summon Small Mammal
   211 | D:1      | 211 ||| CASTING Summon Small Mammal
   212 | D:1      | 212 ||| CASTING Summon Small Mammal
   237 | D:1      | 237 ||| CASTING Summon Small Mammal
   238 | D:1      | 238 ||| CASTING Summon Small Mammal
   287 | D:1      | 287 ||| CASTING Summon Small Mammal
   288 | D:1      | 288 ||| CASTING Summon Small Mammal
   323 | D:1      | 323 ||| CASTING Summon Small Mammal
   324 | D:1      | 324 ||| CASTING Summon Small Mammal
   350 | D:1      | 350 ||| CASTING Summon Small Mammal
   351 | D:1      | 351 ||| CASTING Summon Small Mammal
   355 | D:1      | Reached skill level 1 in Axes
   404 | D:1      | 404 ||| CASTING Summon Small Mammal
   405 | D:1      | 405 ||| CASTING Summon Small Mammal
   433 | D:1      | 433 ||| CASTING Summon Small Mammal
   434 | D:1      | 434 ||| CASTING Summon Small Mammal
   438 | D:1      | Reached XP level 2. HP: 22/22 MP: 0/3
   635 | D:1      | Reached skill level 1 in Fighting
   739 | D:1      | 739 ||| UPGRADING to +0 leather armour.
   749 | D:1      | 749 ||| DROPPING +0 robe.
   750 | D:1      | 750 ||| UPGRADING to +0 ring mail.
   760 | D:1      | 760 ||| DROPPING +0 leather armour.
   761 | D:1      | 761 ||| UPGRADING to +0 scale mail.
   771 | D:1      | 771 ||| DROPPING +0 ring mail.
   772 | D:1      | 772 ||| UPGRADING to +0 cloak.
   777 | D:1      | 777 ||| READING scroll labelled COM LOP JUIGI.
   778 | D:1      | 778 ||| READING 2 scrolls labelled BAFRIDEIME.
   779 | D:1      | 779 ||| READING scroll labelled TIESTEOTTU.
   780 | D:1      | 780 ||| READING scroll labelled BECWAT QABAUFF.
   781 | D:1      | 781 ||| DRINKING 2 orange potions.
   882 | D:1      | 882 ||| DROPPING potion of magic.
   883 | D:1      | 883 ||| DROPPING scroll of magic mapping.
   884 | D:1      | 884 ||| DROPPING potion of ambrosia.
  1473 | D:2      | 1473 ||| READING 2 scrolls of identify.
  1473 | D:2      | 1473 ||| IDENTIFYING golden potion
  1591 | D:3      | 1591 ||| Stepping ~*~*~tactically~*~*~ (hiding).
  1738 | D:3      | Reached XP level 3. HP: 28/28 MP: 4/4
  1864 | D:3      | Found a blossoming altar of Fedhas.
  1951 | D:3      | Found Fiush's Armour Emporium.
  1955 | D:3      | 1955 ||| BUYING +0 buckler (45 gold).
  1955 | D:3      | Bought a +0 buckler for 45 gold pieces
  1955 | D:3      | 1955 ||| BUYING +0 chain mail (45 gold).
  1955 | D:3      | Bought a +0 chain mail for 45 gold pieces
  1955 | D:3      | 1955 ||| SHOPLISTING +1 chain mail of fire resistance (165
                  | gold, have 33).
  1955 | D:3      | 1955 ||| SHOPLISTING +2 helmet of intelligence (215 gold,
                  | have 33).
  1979 | D:3      | Found Teaneoli's Weapon Emporium.
  1980 | D:3      | Found Romic's Armour Shoppe.
  1986 | D:3      | 1986 ||| DROPPING -1 vorpal mace.
  1999 | D:3      | 1999 ||| SHOPLISTING +6 vorpal morningstar (456 gold, have
                  | 33).
  2003 | D:3      | 2003 ||| SHOPLISTING +0 helmet (45 gold, have 33).
  2003 | D:3      | 2003 ||| SHOPLISTING +2 chain mail of cold resistance (215
                  | gold, have 33).
  2003 | D:3      | 2003 ||| SHOPLISTING scarf of repulsion (120 gold, have
                  | 33).
  2062 | D:3      | Found Xus Hiwk's Antique Weapon Shoppe.
  2071 | D:3      | 2071 ||| SHOPLISTING morningstar (84 gold, have 33).
  2125 | D:3      | Found a snail-covered altar of Cheibriados.
  2125 | D:3      | Found an ancient bone altar of Kikubaaqudgha.
  2125 | D:3      | Found a stormy altar of Qazlal.
  2133 | D:3      | Found a shadowy altar of Dithmenos.
  2138 | D:3      | Found a hide-covered altar of Uskayaw.
  2355 | D:3      | 2355 ||| DROPPING +0 whip.
  2455 | D:3      | Reached XP level 4. HP: 16/37 MP: 5/5
  2462 | D:3      | HP: 7/37 [something (3)]
  2466 | D:3      | Killed from afar by an orc wizard

Levels and vault maps discovered:
D:1:      eino_arrival_water_cross, layout_basic, ebering_ecumenical_altar_rust,
          nrook_loot_triangle
D:2:      layout_loops_ring
D:3:      layout_basic, mainiacjoe_overflow_chevrons, yredelemnul_altar_generic,
          minmay_overflow_temple_hex, serial_shops, nicolae_shop_trees,
          nicolae_diamond_shop, shop, nicolae_shop_statue_plus,
          nicolae_shop_stone, minmay_stone_trees_small

Skill      XL: |  1  2  3 |
---------------+----------+-----
Axes           | 1 2 |  2.1
Fighting       | 1 2 |  2.7
Dodging        | |  1.7
Stealth        | |  2.1
Spellcasting   | |  1.7
Summonings     | |  3.6

Action                   |  1- 3 |  4- 6 || total
-------------------------+-------+-------++-------
Melee: Hand axe          |    58 |     8 ||    66
       Punch             |     2 |       ||     2
 Cast: Summon Small Mamm |    16 |       ||    16
  Use: Scroll            |     5 |       ||     5
       Potion            |     1 |       ||     1
Armor: Scale mail        |    19 |    11 ||    30
       Robe              |     1 |       ||     1
Dodge: Dodged            |    14 |     1 ||    15

Table legend:
 A = Non-vault XP
 B = Vault XP
 C = Vault XP percentage of total XP
 D = Non-vault monster count
 E = Vault monster count
 F = Vault count percentage of total count
                 A         B        C        D         E       F
            +---------+---------+-------+---------+---------+-------
      Total |      93 |       0 |   0.0 |      29 |       0 |   0.0
            +---------+---------+-------+---------+---------+-------
        D:1 |      13 |       0 |   0.0 |       9 |       0 |   0.0
        D:2 |      10 |       0 |   0.0 |       6 |       0 |   0.0
        D:3 |      70 |       0 |   0.0 |      14 |       0 |   0.0
            +---------+---------+-------+---------+---------+-------
